 Dungeon Crawl Stone Soup version 0.29-a0-419-g77450f2105 (webtiles) character file.

Game seed: 13388204845897861113

63 Bruhh the Cudgeller (level 4, -4/35 HPs)
             Began as a Formicid Fighter on May 18, 2022.
             Slain by a worm (5 damage)
             ... on level 2 of the Dungeon.
             The game lasted 00:02:13 (1502 turns).

Bruhh the Cudgeller (Formicid Fighter)              Turns: 1502, Time: 00:02:14

Health: -4/35      AC:  6    Str: 22    XL:     4   Next: 31%
Magic:  4/4        EV:  9    Int:  8    God:
Gold:   94         SH:  4    Dex: 10    Spells: 3/3 levels left

rFire   . . .      SeeInvis +   a - +0 flail
rCold   . . .      Faith    +   c - +0 buckler
rNeg    . . .      Spirit   .   b - +0 scale mail
rPois   .          Reflect  .   (helmet unavailable)
rElec   .          Harm     .   (no cloak)
rCorr   .          Rampage  .   (no gloves)
Will    .....                   (no boots)
Stlth   ..........              g - amulet of faith
HPRegen 0.11/turn               (no ring)
MPRegen 0.09/turn               (no ring)

@: mighty
A: permanent stasis, dig shafts and tunnels, antennae 3, four strong arms
a: Dig, Shaft Self


You were on level 2 of the Dungeon.
You visited 1 branch of the dungeon, and saw 2 of its levels.

You collected 94 gold pieces.

Inventory:

Hand Weapons
 a - a +0 flail (weapon)
Armour
 b - a +0 scale mail (worn)
 c - a +0 buckler (worn)
Jewellery
 g - an amulet of faith (around neck)
Scrolls
 f - 3 scrolls of identify {unknown}
 h - a scroll of fear {unknown}
 i - a scroll of magic mapping {unknown}
 k - 2 scrolls of teleportation {unknown}
Potions
 d - a potion of might
 e - a potion of cancellation {unknown}
 j - a potion of heal wounds {unknown}
 l - 2 potions of haste {unknown}


   Skills:
 - Level 3.2 Fighting
 + Level 4.2 Maces & Flails
 - Level 3.2 Armour
 - Level 4.0 Shields


You had 3 spell levels left.
You didn't know any spells.
Your spell library contained the following spells:

 Spells                   Type           Power      Damage    Failure   Level
 Magic Dart               Conj           0%         1d3       80%         1
 Searing Ray              Conj           0%         2d4       91%         2
 Fulminant Prism          Conj/Hex       0%         3d6       100%        4


Dungeon Overview and Level Annotations

Branches:
Dungeon (2/15)

Altars:

Shops:
D:2 (


Innate Abilities, Weirdness & Mutations

You cannot be hasted, slowed, berserked, paralysed or teleported.
You can dig through walls and to a lower floor.
You have a pair of large antennae on your head. (SInv)
Your four strong arms can wield two-handed weapons with a shield.


Message History

You hit the hobgoblin.
You kill the hobgoblin!
You block the hobgoblin's attack.
You hit the hobgoblin.
The hobgoblin is heavily wounded.
The hobgoblin hits you. The hobgoblin barely misses you.
You hit the hobgoblin.
You kill the hobgoblin!
You barely miss the kobold. The kobold barely misses you.
You closely miss the kobold. You block the kobold's attack.
Unknown command.
You sock the worm!
The worm is heavily wounded.
You block the kobold's attack. The worm bites you.
You block the kobold's attack.
You hit the worm.
The worm is heavily wounded.
The kobold closely misses you. The worm bites you.
You hit the worm but do no damage.
The worm is heavily wounded.
You block the kobold's attack.
You hit the worm.
The worm is severely wounded.
The kobold hits you but does no damage.
You are electrocuted!
The worm bites you.
* * * LOW HITPOINT WARNING * * *
You are too injured to fight recklessly!
You are too injured to fight recklessly!
You are too injured to fight recklessly!
You barely miss the worm.
The worm is severely wounded.
The kobold barely misses you. The worm barely misses you.
You block the kobold's attack.
You feel very mighty all of a sudden.
The kobold hits you with a +1 whip of electrocution.
* * * LOW HITPOINT WARNING * * *
The kobold attacks as you move away! The kobold hits you but does no damage.
The worm closely misses you. The kobold hits you but does no damage.
The worm bites you.
You die...

.. .... .. ... #####.
#.. {{ ##......# ..##
...##...##...## #
#.............#.#
..#.....†.......#
#.......Kw.......
####.........@.......
#..∩...#..........#..
####.#....##...##..<##
........#.####.######
.....##.#..# #>.#####
###### .#..# ##.....#
.#### #.#...###....##
....###...........##
#....#..#........).#


You could see a worm and a kobold.

Vanquished Creatures
  An adder (D:2)
  A worm (D:2)
  A bat (D:1)
  3 endoplasms
  2 giant cockroaches (D:1)
  5 goblins
  5 hobgoblins
  11 jackals (D:1)
  2 kobolds
  A quokka (D:1)
  2 ball pythons
  4 frilled lizards (D:1)
  6 rats
  A spectral hobgoblin (D:2)
45 creatures vanquished.

Notes
Turn   | Place    | Note
-------+----------+-------------------------------------------
     0 | D:1      | Bruhh the Formicid Fighter began the quest for the Orb.
     0 | D:1      | Reached XP level 1. HP: 18/18 MP: 1/1
   114 | D:1      | Reached XP level 2. HP: 24/24 MP: 2/2
   281 | D:1      | Reached XP level 3. HP: 15/29 MP: 3/3
  1242 | D:2      | Found Boedyr's Weapon Shop.
  1301 | D:2      | Reached XP level 4. HP: 31/35 MP: 4/4
  1366 | D:2      | Found a faded altar of an unknown god.
  1500 | D:2      | HP: 1/35 [kobold/+1 whip of electrocution (5)]
  1502 | D:2      | Slain by a worm

Illustrated notes

Levels and vault maps discovered:
D:1:      saegor_arrival_fortress, layout_loops_ring
D:2:      layout_rooms, serial_shops, shop,
          dreamdust_ecumenical_altar_drowned_temple

Skill      XL: |  1  2  3 |
---------------+----------+-----
Maces & Flails | 3 4 |  4.2
Fighting       | |  3.2
Armour         | |  3.2
Shields        | |  4.0

Action                   |  1- 3 |  4- 6 || total
-------------------------+-------+-------++-------
Melee: Flail             |   122 |    15 ||   137
 Abil: Dig               |     1 |       ||     1
  Use: Potion            |       |     1 ||     1
Armor: Scale mail        |    57 |     3 ||    60
Dodge: Dodged            |    57 |    10 ||    67
Block: Buckler           |    26 |     6 ||    32

Table legend: (Time is in decaauts)
 A = Elapsed time spent in this place.
 B = Non-inter-level travel time spent in this place.
 C = Inter-level travel time spent in this place.
 D = Time resting spent in this place.
 E = Time spent auto-exploring this place.
 F = Levels seen in this place.
 G = Mean time per level.
                   A        B        C        D        E       F      G
               +--------+--------+--------+--------+--------+-----+--------+
         Total |   1541 |   1530 |     11 |      0 |   1218 |   2 |  770.5 |
       Dungeon |   1541 |   1530 |     11 |      0 |   1218 |   2 |  770.5 |
               +--------+--------+--------+--------+--------+-----+--------+

Top non-repeatable levels by time:
     D:1: 1035 daAuts
     D:2: 506 daAuts
